cohdb
Replays
Latest Replays
All Replays
Popular Replays
Top Player Replays
Match Explorer
How It Works
Community
CoH3 Stats
Reddit
Sign in to upload your games and track your stats! →
Sign in with Steam
Match 45248748
Unlisted
Match 45248748
Overview
Messages
Build Orders
End
Kettenkrad Recon Vehicle
Construct Infanterie Kompanie
Grenadier Squad
Grenadier Squad
MG 42 Machine Gun Team
Grenadier Squad
Construct Luftwaffe Kompanie
Jäger Squad
Support Elements
Medical Bunker
Wirbelwind Flakpanzer
Jäger Squad
Marder III M Tank Destroyer
SulumEi
matjouz
0
0
Comments
sign in to comment!
No comments posted yet!